 Dungeon Crawl Stone Soup version 0.22.0-38-g04b72b8 (webtiles) character file.

45084 kyoneko the Geomancer (level 14, 0/96 HPs)
             Began as a Gargoyle Earth Elementalist on Aug 15, 2018.
             Was a High Priest of Sif Muna.
             Slain by a death yak (15 damage)
             ... on level 6 of the Lair of Beasts on Aug 28, 2018.
             The game lasted 02:35:50 (25118 turns).

kyoneko the Geomancer (GrEE)                       Turns: 25118, Time: 02:35:52

Health: 0/96       AC: 20    Str: 14    XL:     14   Next: 31%
Magic:  1/24       EV: 14    Int: 25    God:    Sif Muna [*****.]
Gold:   1281       SH:  0    Dex: 13    Spells: 13/31 levels left

rFire    . . .     SeeInvis .   a - +1 whip (freeze)
rCold    . . .     Gourm    .   (no shield)
rNeg     + . .     Faith    .   V - +2 troll leather armour {Snorg}
rPois    ∞         Spirit   .   (helmet restricted)
rElec    +         Reflect  .   (no cloak)
rCorr    .         Harm     .   S - +1 pair of gloves {Dex+3}
MR       ++...                  (no boots)
Stlth    ++........             y - amulet of regeneration
HPRegen  1.06/turn              N - ring of protection from magic
MPRegen  0.19/turn              m - +6 ring of intelligence

@: about to teleport, flying, no casting
A: antennae 1, big wings, low mp 1, negative energy resistance 1, robust 1,
electricity resistance, unbreathing, petrification resistance, rot immunity, AC
+10
a: Stop Flying, Stop Divine Energy, Channel Magic, Forget Spell, Renounce
Religion


You were on level 6 of the Lair of Beasts.
You worshipped Sif Muna.
Sif Muna was extremely pleased with you.
You were not hungry.

You visited 3 branches of the dungeon, and saw 18 of its levels.
You also visited: Labyrinth and Bailey.

You collected 1281 gold pieces.

Inventory:

Hand Weapons
 a - a +1 whip of freezing (weapon)
Missiles
 b - 511 stones (quivered)
Armour
 o - a +2 pair of gloves
 q - a +1 chain mail of cold resistance
 z - the +5 ring mail of Nulelastuz {Stlth+}
   (You found it on level 10 of the Dungeon)

   It makes you more stealthy.
 Q - a +1 chain mail of poison resistance
 S - a +1 pair of gloves of dexterity (worn)
 V - a +2 troll leather armour (worn) {Snorg}
Jewellery
 l - an uncursed amulet of harm
 m - a +6 ring of intelligence (right hand)
 p - an uncursed ring of positive energy
 y - an amulet of regeneration (around neck)
 H - an uncursed ring of protection from magic
 K - a +3 ring of protection
 L - an uncursed ring of flight {unknown}
 N - a ring of protection from magic (left hand)
 P - an uncursed ring of stealth {unknown}
 R - an uncursed ring of fire
Wands
 c - a wand of random effects (29)
 f - a wand of acid (13)
 r - a wand of polymorph (22)
 x - a wand of clouds (12)
 B - a wand of flame (55)
 C - a wand of disintegration (23)
 I - a wand of scattershot (7)
 M - a wand of iceblast (6)
Scrolls
 j - 9 scrolls of teleportation
 k - 3 scrolls of amnesia
 n - a scroll of magic mapping
 t - 5 scrolls of identify
 u - a scroll of enchant armour
 w - 4 scrolls of enchant weapon
 D - 2 scrolls of blinking
 G - 6 scrolls of remove curse
 O - a scroll of fear {unknown}
Potions
 e - a potion of cancellation {unknown}
 i - 3 potions of lignification
 s - 3 potions of mutation
 v - 2 potions of flight
 A - 2 potions of brilliance
 E - a potion of haste
 F - 2 potions of agility
 J - 2 potions of ambrosia {unknown}
Miscellaneous
 g - a lamp of fire
 h - a box of beasts
Comestibles
 d - 30 rations
 T - 15 chunks of flesh


   Skills:
 + Level 10.7 Fighting
 + Level 9.4 Maces & Flails
   Level 2.3 Polearms
 + Level 7.5 Armour
 - Level 5.0 Dodging
 - Level 3.0 Stealth
 + Level 9.3 Spellcasting
 + Level 10.7 Conjurations
 - Level 5.0 Transmutations
 - Level 2.1 Air Magic
 + Level 12.0 Earth Magic
 - Level 2.0 Poison Magic


You had 13 spell levels left.
You knew the following spells:

 Your Spells              Type           Power        Failure   Level  Hunger
a - Sandblast             Erth           ######       1%          1    None
b - Stone Arrow           Conj/Erth      ######       1%          3    None
c - Passwall              Tmut/Erth      ######..     1%          2    None
d - Petrify               Tmut/Erth      ######..     1%          4    #......
e - Lee's Rapid Deconstr  Erth           ######....   1%          5    ####...
f - Mephitic Cloud        Conj/Pois/Air  #####...     2%          3    None

Your spell library contained the following spells:

 Spells                   Type           Power        Failure   Level  Hunger
 Sting                    Conj/Pois      ####         1%          1    None
 Conjure Flame            Conj/Fire      #####...     1%          3    None
 Poisonous Vapours        Pois/Air       ###...       4%          2    None
 Animate Skeleton         Necr           N/A          6%          1    None
 Confusing Touch          Hex            ##....       6%          1    None
 Summon Small Mammal      Summ           ##..         6%          1    None
 Irradiate                Conj/Tmut      ######....   7%          5    ####...
 Corpse Rot               Necr           N/A          10%         2    None
 Venom Bolt               Conj/Pois      #####.....   13%         5    ####...
 Confuse                  Hex            ##......     19%         3    None
 Gell's Gravitas          Tloc           ##........   19%         3    None
 Bolt of Draining         Conj/Necr      #####.....   19%         5    ####...
 Olgreb's Toxic Radiance  Pois           ###.....     26%         4    #......
 Yara's Violent Unravell  Hex/Tmut       ###.......   52%         5    ####...
 Hydra Form               Tmut           #####.....   77%         6    ######.
 Agony                    Necr           ##......     86%         5    ####...
 Dispel Undead            Necr           ##......     86%         5    ####...
 Excruciating Wounds      Chrm/Necr      ##........   86%         5    ####...
 Metabolic Englaciation   Hex/Ice        ##........   86%         5    ####...
 Freezing Cloud           Conj/Ice/Air   ####......   86%         6    ######.
 Simulacrum               Ice/Necr       ##........   100%        6    ######.
 Dragon Form              Tmut           #####.....   100%        7    #######
 Ring of Flames           Chrm/Fire      ##........   100%        7    #######
 Sublimation of Blood     Necr           Unusable     N/A         2    N/A
 Statue Form              Tmut/Erth      Unusable     N/A         6    N/A

Dungeon Overview and Level Annotations

Branches:
Dungeon (11/15)            Temple (1/1) D:4            Lair (6/6) D:11
  Swamp (0/4) Lair:3       Spider (0/4) Lair:3        Slime (0/5) Lair:6
    Orc (0/2) D:9

Altars:
Ashenzari
Cheibriados
Dithmenos
Elyvilon
Fedhas
Gozag
Hepliaklqana
Kikubaaqudgha
Makhleb
Nemelex Xobeh
Okawaru
Qazlal
Ru
Sif Muna
Trog
Uskayaw
Vehumet
Wu Jian
Xom
Yredelemnul
Zin
The Shining One

Shops:
D:5 [

Annotations:
Lair:6 1 runed door, Loudmushroom's ghost, journeyman MiBe


Innate Abilities, Weirdness & Mutations

You are resistant to torment.
Your stone body is resilient. (AC +10)
You are immune to poison.
Your large and strong wings let you fly indefinitely.
You resist negative energy. (rN+)
You are resistant to electric shocks. (rElec)
You can survive without breathing.
You are immune to petrification.
You are immune to rotting.
You have a pair of small antennae on your head.
Your magical capacity is low. (-10% MP)
You are robust. (+10% HP)


Message History

The manticore claws you but does no damage.
The manticore closely misses you.
The death yak gores you but does no damage.
You hit the death yak. You freeze the death yak.
The death yak is almost dead.
The manticore bites you! The manticore completely misses you.
The manticore misses you. The death yak gores you!
* * * LOW HITPOINT WARNING * * *
You feel better. The manticore bites you!
* * * LOW HITPOINT WARNING * * *
The manticore misses you.
The manticore claws you but does no damage.
The death yak closely misses you.
As you read the scroll of teleportation, it crumbles to dust.
You feel strangely unstable. The manticore bites you.
* * * LOW HITPOINT WARNING * * *
The manticore misses you.
The manticore claws you but does no damage.
The death yak gores you!
You die...

#....#.....#.#.##.#########.#
#...##...P...###### ###
##..###.......##
##....#.........###
#.................# #
##....#...........## #
#....#............# ###
###............8.## ### #.÷
#......8.....@..####P#######..
#...........8YH...##....#PP#..
#####....8....................
###......8....#...##...#.. ##
###......####.#######... .####
##......## #.PP.###.#.. ...P#
#..###...## #........... ...#
#######...####..#....P.. 8†###
###.###...# #.....P....


You could see a death yak and a manticore.

Vanquished Creatures
  A minotaur (Lab)
  Snorg (Lair:6)
  2 catoblepae
  5 hydras
  Erica (D:9)
  4 death yaks
  3 two-headed ogres
  Pikel (D:3)
  A deep elf mage (D:6)
  2 manticores
  9 elephants
  5 oklob plants
  An ugly thing (D:11)
  4 black mambas
  Psyche (D:9)
  8 spiny frogs
  3 komodo dragons
  A tyrant leech (Lair:3)
  A troll (D:11)
  19 blink frogs
  5 hippogriffs
  A meliai zombie (D:11)
  30 yaks
  A basilisk (Lair:5)
  2 redbacks (Lair:3)
  4 hogs (D:10)
  Grum (D:9)
  2 wyverns
  A human (D:10)
  3 hungry ghosts
  A steam dragon (Lair:2)
  A swamp worm (Lair:3)
  12 water moccasins
  9 porcupines
  3 ice beasts
  5 orc warriors
  4 sky beasts
  A hornet zombie (D:10)
  4 necrophages
  2 phantoms
  A black bear (D:9)
  17 wolves
  4 centaurs
  An ogre (D:9)
  14 crocodiles
  Blork the orc (D:5)
  A wyvern zombie (D:10)
  18 bullfrogs
  3 scorpions
  A water moccasin skeleton (D:7)
  9 killer bees
  2 howler monkeys (D:4)
  7 wights
  9 crimson imps
  A centaur zombie (D:7)
  4 jellies
  An orc priest (D:5)
  7 hounds
  A bullfrog skeleton (D:11)
  A centaur skeleton (D:8)
  An iguana (D:9)
  9 orc wizards
  15 worker ants
  Natasha (D:4)
  A killer bee zombie (D:7)
  A hound zombie (D:11)
  A hound skeleton (D:11)
  A howler monkey zombie (D:7)
  A worker ant zombie (D:7)
  6 gnolls
  15 adders
  A shadow imp (D:7)
  2 oozes
  An adder zombie (D:7)
  3 worms
  2 dart slugs (D:1)
  4 leopard geckos
  37 orcs
  2 ball pythons
  3 giant cockroaches
  10 goblins
  7 hobgoblins
  8 jackals
  8 kobolds
  4 quokkas
  8 bats
  5 frilled lizards
  A leopard gecko skeleton (D:4)
  7 rats
  A butterfly (Lair:1)
  4 fungi
  2 plants (Lair:6)
440 creatures vanquished.

Vanquished Creatures (others)
  Natasha (twice) (D:4)
  A bush (Lair:6)
  14 fungi
  16 plants
33 creatures vanquished.

Grand Total: 473 creatures vanquished

Notes
Turn   | Place    | Note
-------+----------+-------------------------------------------
     0 | D:1      | kyoneko the Gargoyle Earth Elementalist began the quest for the Orb.
     0 | D:1      | Reached XP level 1. HP: 10/10 MP: 3/3
   122 | D:1      | Reached XP level 2. HP: 15/15 MP: 0/5
   442 | D:1      | Reached XP level 3. HP: 19/19 MP: 6/6
   518 | D:1      | Reached skill level 4 in Earth Magic
   791 | D:2      | Learned a level 3 spell: Stone Arrow
   804 | D:2      | Reached skill level 1 in Maces & Flails
  1236 | D:2      | Reached XP level 4. HP: 24/24 MP: 0/7
  1689 | D:2      | Found a bloodstained altar of Trog.
  1689 | D:2      | Found an iron altar of Okawaru.
  1834 | D:2      | Reached skill level 1 in Fighting
  1950 | D:3      | Reached skill level 1 in Conjurations
  1955 | D:3      | Reached XP level 5. HP: 18/29 MP: 0/9
  2264 | D:3      | Upgraded the game from 0.22.0-6-g71bd7aa to 0.22.0-13-g43fe8f2
  3152 | D:4      | Reached XP level 6. HP: 22/35 MP: 0/10
  3292 | D:4      | Noticed a slave
  3293 | D:4      | Noticed a slave
  3293 | D:4      | Noticed Pikel
  3298 | D:4      | Noticed a slave
  3298 | D:4      | Noticed a slave
  3609 | D:3      | Killed Pikel
  3609 | D:3      | Reached skill level 5 in Earth Magic
  3609 | D:3      | Reached XP level 7. HP: 6/41 MP: 0/12
  3887 | D:4      | Found a shadowy altar of Dithmenos.
  3901 | D:4      | Learned a level 2 spell: Passwall
  3928 | D:4      | Found a stormy altar of Qazlal.
  4071 | D:4      | Reached XP level 8. HP: 46/46 MP: 6/13
  4173 | D:4      | Noticed Natasha
  4174 | D:4      | Killed Natasha
  4221 | D:4      | Killed Natasha
  4317 | D:4      | Killed Natasha
  4330 | D:4      | Found a staircase to the Ecumenical Temple.
  4339 | Temple   | Entered the Ecumenical Temple
  4500 | Temple   | Became a worshipper of Sif Muna the Loreminder
  4644 | D:5      | Entered Level 5 of the Dungeon
  5052 | D:5      | Noticed Blork the orc
  5056 | D:5      | Killed Blork the orc
  5056 | D:5      | Reached skill level 6 in Earth Magic
  5133 | D:5      | Upgraded the game from 0.22.0-13-g43fe8f2 to 0.22.0-27-ga576289
  5391 | D:5      | Found Jitafo's Armour Emporium.
  5405 | D:5      | Gained mutation: Your magical capacity is low. (-10% MP) [potion of mutation]
  5405 | D:5      | Gained mutation: You have a pair of small antennae on your head. [potion of mutation]
  5405 | D:5      | Gained mutation: You are robust. (+10% HP) [potion of mutation]
  5803 | D:6      | Reached * piety under Sif Muna
  5977 | D:6      | Reached XP level 9. HP: 57/57 MP: 3/14
  6319 | D:6      | Noticed a deep elf mage
  6346 | D:6      | Killed a deep elf mage
  6346 | D:6      | Reached skill level 5 in Fighting
  6346 | D:6      | Reached skill level 1 in Polearms
  6346 | D:6      | Reached skill level 5 in Conjurations
  6667 | D:6      | Reached skill level 7 in Earth Magic
  6778 | D:6      | Reached skill level 5 in Spellcasting
  7810 | D:7      | Reached XP level 10. HP: 66/66 MP: 0/16
  7937 | D:7      | Reached ** piety under Sif Muna
  7950 | D:7      | Reached skill level 5 in Dodging
  8326 | D:7      | Reached skill level 8 in Earth Magic
  8339 | D:7      | Reached skill level 5 in Maces & Flails
  9314 | D:8      | Reached *** piety under Sif Muna
  9329 | D:8      | Found a flagged portal.
  9339 | Bailey   | Entered a bailey
  9472 | D:8      | Noticed a two-headed ogre
  9481 | D:8      | Killed a two-headed ogre
  9711 | D:8      | Found a white marble altar of Elyvilon.
 10028 | D:9      | Noticed Grum
 10039 | D:9      | Killed Grum
 10062 | D:9      | Reached skill level 9 in Earth Magic
 10062 | D:9      | Reached XP level 11. HP: 42/73 MP: 0/18
 10398 | D:9      | Found a staircase to the Orcish Mines.
 10404 | D:9      | Noticed Psyche
 10414 | D:9      | Killed Psyche
 10671 | D:9      | Noticed Erica
 10708 | D:9      | Killed Erica
 10708 | D:9      | Reached skill level 1 in Armour
 11242 | D:10     | Entered Level 10 of the Dungeon
 11243 | D:10     | Upgraded the game from 0.22.0-27-ga576289 to 0.22.0-32-gbc6daba
 11243 | D:10     | Noticed a two-headed ogre
 11298 | D:9      | Killed a two-headed ogre
 11590 | D:10     | Reached **** piety under Sif Muna
 11609 | D:10     | Learned a level 4 spell: Petrify
 11615 | D:10     | Learned a level 5 spell: Lee's Rapid Deconstruction
 11796 | D:10     | Reached skill level 1 in Transmutations
 12596 | D:10     | Got a dazzling ring mail
 12607 | D:10     | Identified the +5 ring mail of Nulelastuz {Stlth+} (You found it on level 10 of the Dungeon)
 12965 | D:11     | Found a staircase to the Lair.
 13268 | D:11     | Noticed a manticore
 13292 | D:11     | Killed a manticore
 13447 | D:11     | Noticed a two-headed ogre
 13532 | D:11     | Killed a two-headed ogre
 13532 | D:11     | Reached skill level 10 in Earth Magic
 13647 | D:11     | Upgraded the game from 0.22.0-32-gbc6daba to 0.22.0-36-g8e74550
 14125 | D:11     | Noticed a cyan ugly thing
 14150 | D:11     | Killed a cyan ugly thing
 14150 | D:11     | Reached XP level 12. HP: 82/82 MP: 0/20
 14380 | Lair:1   | Entered Level 1 of the Lair of Beasts
 16213 | Lair:2   | Reached ***** piety under Sif Muna
 16213 | Lair:2   | Received a gift from Sif Muna
 17247 | Lair:3   | Reached skill level 5 in Armour
 18163 | Lair:3   | Noticed a catoblepas
 18191 | Lair:3   | Killed a catoblepas
 18191 | Lair:3   | Reached skill level 11 in Earth Magic
 18191 | Lair:3   | Reached XP level 13. HP: 66/88 MP: 0/22
 18395 | Lair:3   | Found a hole to the Spider Nest.
 19024 | Lair:3   | Identified Daskekk's Reference Book on Virous Stones
 19110 | Lair:3   | Learned a level 3 spell: Mephitic Cloud
 19136 | Lair:3   | Found a staircase to the Swamp.
 19871 | Lair:3   | Reached skill level 10 in Fighting
 19871 | Lair:3   | Reached skill level 10 in Conjurations
 19871 | Lair:3   | Reached skill level 1 in Poison Magic
 19872 | Lair:3   | Reached skill level 1 in Air Magic
 21091 | Lair:5   | Found a labyrinth entrance.
 21100 | Lab      | Entered a labyrinth
 22190 | Lab      | Upgraded the game from 0.22.0-36-g8e74550 to 0.22.0-38-g04b72b8
 22332 | Lab      | Noticed a minotaur
 22338 | Lab      | Killed a minotaur
 22338 | Lab      | Received a gift from Sif Muna
 22343 | Lab      | Identified the Tome of Evil and Creation
 23178 | Lair:6   | Entered Level 6 of the Lair of Beasts
 23187 | Lair:6   | Noticed Snorg
 23199 | Lair:6   | Killed Snorg
 23423 | Lair:6   | Found a staircase to the Slime Pits.
 23454 | Lair:6   | Found a runed door.
 23455 | Lair:6   | Noticed Loudmushroom's ghost (journeyman MiBe)
 23456 | Lair:6   | Found the amulet of the Air {Inacc +Fly rElec EV+5 RMsl}
 23511 | Lair:6   | Gained mutation: Your large and strong wings let you fly indefinitely. [Gargoyle growth]
 23511 | Lair:6   | Reached XP level 14. HP: 96/96 MP: 8/24
 23528 | Lair:6   | Reached skill level 5 in Transmutations
 24570 | Lair:6   | Reached skill level 12 in Earth Magic
 25118 | Lair:6   | Slain by a death yak

Skill      XL: |  1  2  3  4  5  6  7  8  9 10 11 12 13 14 |
---------------+-------------------------------------------+-----
Earth Magic    | 4 5 6 7 9 10 11 12 | 12.0
Maces & Flails | 1 3 4 6 7 8 9 |  9.4
Dodging        | 2 3 4 5 |  5.0
Stealth        | 3 |  3.0
Fighting       | 1 3 4 5 7 8 9 10 | 10.7
Conjurations   | 1 3 4 5 7 8 9 10 | 10.7
Spellcasting   | 3 4 5 6 7 8 9 |  9.3
Polearms       | 2 |  2.3
Armour         | 3 5 6 7 |  7.5
Transmutations | 2 3 4 5 |  5.0
Poison Magic   | 2 |  2.0
Air Magic      | 2 |  2.1

Action                   |  1- 3 |  4- 6 |  7- 9 | 10-12 | 13-15 || total
-------------------------+-------+-------+-------+-------+-------++-------
Melee: Whip              |   112 |    63 |   116 |   605 |   358 ||  1254
       Halberd           |       |       |    22 |       |       ||    22
 Cast: Sandblast         |    20 |    28 |    15 |    10 |    26 ||    99
       Stone Arrow       |     8 |    34 |    90 |   308 |   161 ||   601
       Passwall          |       |       |     2 |       |     6 ||     8
       Petrify           |       |       |       |    19 |     4 ||    23
       Lee's Rapid Decon |       |       |       |    36 |    59 ||    95
       Mephitic Cloud    |       |       |       |       |     1 ||     1
Invok: Divine Energy     |       |       |     1 |       |       ||     1
 Abil: Fly               |       |       |       |       |     1 ||     1
  Use: Scroll            |     2 |     4 |     4 |    10 |     1 ||    21
       Potion            |     2 |     4 |     3 |     4 |     5 ||    18
 Stab: Sleeping          |     2 |       |       |       |       ||     2
       Petrified         |       |       |       |    20 |       ||    20
       Petrifying        |       |       |       |     3 |     1 ||     4
  Eat: Chunk             |     2 |    11 |    11 |    20 |    17 ||    61
       Ration            |       |       |     3 |     8 |     4 ||    15
Armor: Robe              |    37 |    38 |    22 |       |       ||    97
       Ring mail         |       |       |    77 |   399 |   244 ||   720
       Troll leather arm |       |       |       |       |   113 ||   113
Dodge: Dodged            |    81 |    82 |    83 |   394 |   331 ||   971
